Map: Beckett Industries LE

Players

Has

  • Race: Protoss Protoss

黑羽快斗 (ButAlways) - Winner!

  • Race: Protoss Protoss
  • League: Master

Event: DreamHack SC2 Masters 2021 Summer

VOD

Have the link to the VOD?

Description

Time

  • Played on: May 21, 2021, 8:43 a.m.
  • Length: 6:18

All games in this series

Show
View Real Time Build Order
Export as new Build Order

Has Protoss 

Build Orders:  

Get SALT Encoding   

  12  0:00  Probe  
  13  0:12  Probe  
  14  0:17  Pylon  
  14  0:24  Probe (Chrono Boost)  
  16  0:36  Probe (Chrono Boost)  
  16  0:37  Gateway  
  16  0:41  Probe (Chrono Boost)  
  16  0:46  Assimilator  
  17  0:53  Probe  
  18  1:02  Assimilator  
  18  1:08  Gateway  
  18  1:13  Forge  
  19  1:22  Zealot (Chrono Boost)  
  20  1:32  Cybernetics Core  
  19  1:39  Pylon  
  19  1:46  Photon Cannon  
  19  1:48  Probe  
  20  2:00  Probe  
  21  2:04  Cybernetics Core  
  21  2:12  Probe  
  22  2:24  Probe  
  23  2:30  Pylon  
  23  2:36  Probe  
  24  2:37  Adept (Chrono Boost)  
  24  2:38  Warp Gate (Chrono Boost)  
  24  2:44  Gateway  
  26  2:55  Robotics Facility  
  26  3:03  Stalker  
  28  3:17  Shield Battery  
  29  3:26  Shield Battery  
  28  3:30  Stalker  
  30  3:35  Gateway  
  30  3:38  Stalker  
  32  3:46  Shield Battery  
  32  4:03  Shield Battery  
  30  4:21  Stalker x2  
  32  4:36  Pylon  
  32  4:40  Pylon  
  32  4:51  Pylon  
  30  4:55  Stalker x3  
  34  5:12  Shield Battery  
  34  5:14  Sentry  
  34  5:19  Stalker  
  32  5:40  Stalker  
  32  5:42  Stalker  
Show
View Real Time Build Order
Export as new Build Order

黑羽快斗 Protoss - Winner!

Build Orders: Proxy Void Ray 

Get SALT Encoding   

  12  0:00  Probe  
  13  0:12  Probe  
  14  0:25  Probe  
  14  0:26  Pylon  
  15  0:44  Probe  
  15  0:45  Gateway  
  16  0:56  Probe  
  17  1:06  Pylon  
  17  1:08  Probe  
  18  1:13  Pylon  
  18  1:20  Probe  
  19  1:29  Assimilator  
  19  1:31  Cybernetics Core  
  19  1:32  Assimilator  
  19  1:33  Zealot (Chrono Boost)  
  21  1:40  Probe  
  22  1:52  Probe  
  25  1:59  Pylon  
  25  2:07  Probe  
  26  2:19  Probe  
  25  2:23  Stargate  
  25  2:31  Probe  
  25  2:32  Stalker  
  28  2:43  Shield Battery  
  28  2:46  Warp Gate  
  27  2:54  Shield Battery  
  27  3:00  Void Ray (Chrono Boost)  
  31  3:12  Pylon  
  31  3:13  Pylon  
  31  3:15  Pylon  
  31  3:19  Shield Battery  
  31  3:31  Void Ray (Chrono Boost)  
  31  3:40  Shield Battery  
  35  3:52  Shield Battery  
  35  4:00  Void Ray (Chrono Boost)  
  35  4:05  Pylon  
  39  4:14  Shield Battery  
  39  4:30  Void Ray (Chrono Boost)  
  41  4:38  Shield Battery  
  41  4:40  Shield Battery  
  41  4:52  Shield Battery  
  41  4:54  Shield Battery, Sentry  
  43  5:11  Pylon  
  43  5:12  Void Ray (Chrono Boost)  
Tags
 
Add a new tag
Caveats
  • Supply blocks, unpowered buildings, or Contaminate may cause inaccurate times.
  • Supply counts are checked every 10 seconds.